 Dungeon Crawl Stone Soup version 0.31-a0-232-gb1c03b2570 (webtiles) character file.

Game seed: 15086969537352643087

245 qw the Shooter (level 6, -1/35 HPs)
             Began as a Gargoyle Hexslinger on July 7, 2023.
             Slain by a kobold
             ... wielding a +3 short sword
              (4 damage)
             ... on level 4 of the Dungeon.
             The game lasted 00:00:59 (2520 turns).

qw the Shooter (Gargoyle Hexslinger)                Turns: 2520, Time: 00:01:00

Health: -1/35      AC: 10    Str: 12    XL:     6   Next: 10%
Magic:  7/7        EV: 10    Int: 13    God:
Gold:   199        SH:  0    Dex: 14    Spells: 6/7 levels left

rFire   . . .        Y - +1 sling
rCold   . . .        (no shield)
rNeg    + . .        i - +0 ring mail
rPois   inf          (no helmet)
rElec   +            (no cloak)
rCorr   .            (no gloves)
SInv    .            (no boots)
Will    .....        (no amulet)
Stlth   +            (no ring)
HPRegen 0.25/turn    (no ring)
MPRegen 0.10/turn

%: no passive effects
@: no status effects
A: sickness immunity, AC +4, negative energy resistance 1, electricity
resistance, torment resistance 1, petrification resistance
a: no special abilities


You were on level 4 of the Dungeon.
You visited 1 branch of the dungeon, and saw 4 of its levels.

You collected 259 gold pieces.
You spent 60 gold pieces at shops.


Innate Abilities, Weirdness & Mutations

You are immune to sickness and miasma.
Your stone body is resilient. (AC +4)
You are immune to poison.
You resist negative energy. (rN+)
You are resistant to electric shocks. (rElec)
You are resistant to unholy torment.
You are immune to petrification.


   Skills:
 + Level 2.1 Fighting
 - Level 5.0 Ranged Weapons
 - Level 3.1 Armour
 - Level 1.5 Dodging
 - Level 1.0 Spellcasting
 - Level 2.6 Hexes


You had 6 spell levels left.
You knew the following spells:

 Your Spells              Type           Power      Damage    Failure   Level
a - Slow                  Hex            28%        N/A       21%         1

Your spell library contained the following spells:

 Spells                   Type           Power      Damage    Failure   Level
 Inner Flame              Hex/Fire       4%         N/A       71%         3
 Portal Projectile        Hex/Tloc       8%         N/A       71%         3
 Cause Fear               Hex            3%         N/A       89%         4

Inventory:

Hand Weapons
 Y - a +1 sling (weapon)
Armour
 i - a +0 ring mail (worn)
Scrolls
 a - a scroll of enchant armour {unknown}
Potions
 b - a potion of enlightenment {unknown}
 c - a potion of ambrosia {unknown}
 d - 2 potions of haste
 e - 3 potions of curing
 h - a potion of attraction {unknown}
 j - a potion of might {unknown}

Dungeon Overview and Level Annotations

Branches:
Dungeon (4/15)
 Temple: D:4-7

Altars:
Trog

Shops:
D:1 !


Message History

Things that are here:
a +0 dagger; a goblin corpse A sourceless malevolence fills the Dungeon... and a teleportation trap spontaneously manifests!
You are yanked towards some nearby monsters!
Your surroundings suddenly seem different.
An ogre and a kobold come into view.
Found a stone staircase leading down.
The ogre shouts!
The kobold shouts!
The kobold hits you but does no damage.
You shoot a sling bullet. The sling bullet hits the ogre.
The ogre is moderately wounded.
The kobold hits you but does no damage. The ogre barely misses you.
You shoot a sling bullet. The sling bullet hits the ogre.
The ogre is moderately wounded.
The kobold hits you with a +3 short sword.
The ogre barely misses you.
You shoot a sling bullet. The sling bullet hits the ogre.
The ogre is heavily wounded.
The kobold barely misses you. The ogre closely misses you.
The kobold barely misses you.
You shoot a sling bullet. The sling bullet hits the ogre.
The ogre is severely wounded.
The kobold hits you but does no damage.
You shoot a sling bullet. The sling bullet hits the ogre.
The ogre is severely wounded.
The ogre hits you with a +0 giant club!!
Ouch! That really hurt!
The kobold hits you but does no damage.
You shoot a sling bullet. The sling bullet hits the ogre.
The ogre is almost dead.
The kobold hits you but does no damage. The ogre closely misses you.
You shoot a sling bullet. The sling bullet hits the ogre.
You kill the ogre!
The kobold hits you with a +3 short sword. x2
Your Armour skill gained 3 levels and is now at level 3!
You have reached level 6!
You shoot a sling bullet.
The sling bullet closely misses the kobold.
The kobold hits you with a +3 short sword.
You die...

.. # ## ##
#.##. .###
...#...
..#.##.K)######
#......@.>....#
..###########..


You could see a kobold.

Vanquished Creatures
  An ogre (D:4)
  A hound (D:3)
  Jessica (D:2)
  4 adders
  2 worms
  A dart slug (D:3)
  An orc (D:3)
  4 endoplasms
  3 goblins
  6 hobgoblins
  4 jackals
  8 kobolds
  5 quokkas
  5 ball pythons
  3 bats
  7 frilled lizards
  5 rats
61 creatures vanquished.

Notes
Turn   | Place    | Note
-------+----------+-------------------------------------------
     0 | D:1      | qw the Gargoyle Hexslinger began the quest for the Orb.
     0 | D:1      | Reached XP level 1. HP: 12/12 MP: 2/2
     0 | D:1      | 0 ||| qw: Version: 0.3-a-46-gb1f654a
     0 | D:1      | 0 ||| qw: Game counter: 2238
     0 | D:1      | 0 ||| qw: Melee chars always use a shield: true
     0 | D:1      | 0 ||| qw: God list: Okawaru
     0 | D:1      | 0 ||| qw: Allow faded altars: false
     0 | D:1      | 0 ||| qw: Do Orc after clearing Dungeon:15 true
     0 | D:1      | 0 ||| qw: Do second Lair branch before Depths: true
     0 | D:1      | 0 ||| qw: Lair rune preference: random
     0 | D:1      | 0 ||| qw: Goals: Normal
     0 | D:1      | 0 ||| PLANNING D:1-11
   106 | D:1      | Reached XP level 2. HP: 10/16 MP: 3/3
   290 | D:1      | Reached skill level 3 in Ranged Weapons
   480 | D:1      | Found Meum's Distillery.
   489 | D:1      | 489 ||| SHOPLISTING 2 potions of mutation (160 gold, have
                  | 92).
   489 | D:1      | 489 ||| BUYING potion of curing (30 gold).
   489 | D:1      | Bought a potion of curing for 30 gold pieces
   489 | D:1      | 489 ||| BUYING potion of curing (30 gold).
   489 | D:1      | Bought a potion of curing for 30 gold pieces
   489 | D:1      | 489 ||| SHOPLISTING potion of experience (500 gold, have
                  | 32).
   489 | D:1      | 489 ||| SHOPLISTING potion of heal wounds (50 gold, have
                  | 32).
   489 | D:1      | 489 ||| SHOPLISTING potion of mutation (80 gold, have 32).
   726 | D:1      | You fall into a shaft and drop 1 floor!
   759 | D:2      | 759 ||| UPGRADING to +0 leather armour.
   769 | D:2      | 769 ||| DROPPING +0 robe.
   770 | D:2      | 770 ||| READING scroll labelled BAGEUCOARY.
   771 | D:2      | 771 ||| DRINKING 3 coppery potions.
   772 | D:2      | 772 ||| DROPPING scroll of poison.
   936 | D:2      | Noticed Jessica
   940 | D:2      | Reached XP level 3. HP: 21/21 MP: 4/4
   944 | D:2      | 944 ||| FLEEEEING.
   945 | D:2      | 945 ||| FLEEEEING.
   950 | D:2      | 950 ||| FLEEEEING.
   951 | D:2      | 951 ||| FLEEEEING.
   956 | D:2      | Killed Jessica
   988 | D:2      | 988 ||| FLEEEEING.
  1098 | D:2      | Reached XP level 4. HP: 26/26 MP: 5/5
  1107 | D:2      | Found a faded altar of an unknown god.
  1233 | D:2      | Reached skill level 4 in Ranged Weapons
  1534 | D:2      | 1534 ||| UPGRADING to +1 robe of positive energy.
  1544 | D:2      | 1544 ||| READING scroll labelled XENLEDGH APSYN.
  1545 | D:2      | 1545 ||| READING scroll labelled JEOGUCH VOGA.
  1886 | D:3      | Reached XP level 5. HP: 27/30 MP: 6/6
  1966 | D:3      | Reached skill level 5 in Ranged Weapons
  2169 | D:3      | Found a bloodstained altar of Trog.
  2398 | D:3      | 2398 ||| DROPPING +0 leather armour.
  2399 | D:3      | 2399 ||| UPGRADING to +0 ring mail.
  2409 | D:3      | 2409 ||| DROPPING +1 robe of positive energy.
  2410 | D:3      | 2410 ||| READING scroll labelled VOADDI JOPPUCH.
  2411 | D:3      | 2411 ||| READING scroll labelled AQEXUTHR TU POYGH.
  2412 | D:3      | 2412 ||| READING scroll labelled RAMIORI DAOBO.
  2512 | D:4      | Noticed an ogre
  2519 | D:4      | Killed an ogre
  2519 | D:4      | HP: 5/30 [kobold/+3 short sword (3)]
  2519 | D:4      | HP: 2/30 [kobold/+3 short sword (3)]
  2520 | D:4      | Reached skill level 3 in Armour
  2520 | D:4      | Reached XP level 6. HP: 3/35 MP: 7/7
  2520 | D:4      | Slain by a kobold

Levels and vault maps discovered:
D:1:      minmay_arrival_solitary_statue, layout_loops_corners, serial_shops,
          shop, wander_ebering_terrifying_dragon_lair
D:2:      minmay_angry_zag, layout_basic, shapermc_ecumenical_altar_venn,
          uniq_jessica
D:3:      layout_basic, old_standard_altar, st_stairs_10
D:4:      minmay_skewed_foursquare, layout_loops_ring, zin_statuary,
          beargit_hepliaklqana_dungeon_heroes, nicolae_elyvilon_peaceful_grove,
          lightli_temple_of_fire

Skill      XL: |  1  2  3  4  5 |
---------------+----------------+-----
Ranged Weapons | 3 4 5 |  5.0
Fighting       | 2 |  2.1
Armour         | 3 |  3.1
Dodging        | |  1.5
Spellcasting   | |  1.0
Hexes          | |  2.6

Action                     |  1- 3 |  4- 6 || total
---------------------------+-------+-------++-------
   Fire: Sling             |    92 |   133 ||   225
    Use: Scroll            |     1 |     5 ||     6
         Potion            |     1 |       ||     1
 Armour: Robe              |     5 |    17 ||    22
         Leather armour    |     6 |    13 ||    19
         Ring mail         |       |     6 ||     6
  Dodge: Dodged            |    20 |    63 ||    83

Table legend:
 A = Non-vault XP
 B = Vault XP
 C = Vault XP percentage of total XP
 D = Non-vault monster count
 E = Vault monster count
 F = Vault count percentage of total count
                 A         B        C        D         E       F
            +---------+---------+-------+---------+---------+-------
      Total |     251 |     100 |  28.5 |      51 |      10 |  16.4
            +---------+---------+-------+---------+---------+-------
        D:1 |      28 |       1 |   3.4 |      16 |       1 |   5.9
        D:2 |      45 |      50 |  52.6 |      15 |       6 |  28.6
        D:3 |      42 |      49 |  53.8 |      15 |       3 |  16.7
        D:4 |     136 |       0 |   0.0 |       5 |       0 |   0.0
            +---------+---------+-------+---------+---------+-------
